 Dungeon Crawl Stone Soup version 0.25-a0-734-g73332ae (webtiles) character file.

Game seed: 10909363388616166218, levelgen mode: deterministic

420 JarJarBinks the Cudgeler (level 7, -2/54 HPs)
             Began as a Human Monk on Apr 10, 2020.
             Was a Believer of Elyvilon.
             Killed by divine providence
             ... invoked by an orc priest
              (14 damage)
             ... on level 4 of the Dungeon.
             The game lasted 00:15:52 (4278 turns).

JarJarBinks the Cudgeler (Human Monk)               Turns: 4278, Time: 00:15:53

Health: -2/54      AC: 15    Str: 13    XL:     7   Next: 16%
Magic:  7/7        EV:  7    Int: 10    God:    Elyvilon [**....]
Gold:   117        SH:  0    Dex: 16    Spells: 6/6 levels left

rFire    . . .     SeeInvis .   a - +1 mace
rCold    . . .     Gourm    .   (no shield)
rNeg     . . .     Faith    .   C - +4 chain mail
rPois    .         Spirit   .   l - +0 helmet
rElec    .         Reflect  .   k - +0 cloak
rCorr    .         Harm     .   (no gloves)
MR       .....                  (no boots)
Stlth    ..........             (no amulet)
HPRegen  0.18/turn              (no ring)
MPRegen  0.10/turn              (no ring)

@: no status effects
A: no striking features
a: Lesser Healing, Heal Other, Divine Protection, Renounce Religion


You were on level 4 of the Dungeon.
You worshipped Elyvilon.
Elyvilon was pleased with you.
You were not hungry.

You visited 2 branches of the dungeon, and saw 5 of its levels.

You collected 117 gold pieces.

Inventory:

Hand Weapons
 a - a +1 mace (weapon)
Armour
 b - a +0 robe
 k - a +0 cloak (worn)
 l - a +0 helmet (worn)
 C - a +4 chain mail (worn)
Jewellery
 o - an uncursed ring of flight
 x - an uncursed ring of ice
Wands
 s - a wand of enslavement (8)
 y - a wand of flame (23)
Scrolls
 d - 4 scrolls of identify
 e - 4 scrolls of teleportation
 f - 3 scrolls of blinking
 h - a scroll of magic mapping
 j - 2 scrolls of random uselessness
 q - a scroll of amnesia
Potions
 g - a potion of degeneration {unknown}
 i - 2 potions of magic {unknown}
 m - 2 potions of flight {unknown}
 v - a potion of ambrosia {unknown}
 w - 3 potions of berserk rage {unknown}
 z - a potion of lignification {unknown}
 A - a potion of cancellation {unknown}
 B - a potion of curing {unknown}
Comestibles
 c - 9 rations


   Skills:
 + Level 4.1 Fighting
 + Level 5.2 Maces & Flails
 * Level 3.3 Armour
 + Level 3.8 Dodging
 + Level 2.2 Stealth
 + Level 0.1 Invocations


You had 6 spell levels left.
You didn't know any spells.
Your spell library contained the following spells:

 Spells                   Type           Power        Failure   Level  Hunger
 Animate Skeleton         Necr           N/A          100%        1    ##.....
 Pain                     Necr           #...         100%        1    ##.....
 Vampiric Draining        Necr           #.........   100%        3    ####...
 Animate Dead             Necr           N/A          100%        4    #####..
 Agony                    Necr           #.......     100%        5    ######.


Dungeon Overview and Level Annotations

Branches:
Dungeon (4/15)             Temple (1/1) D:4

Altars:
Elyvilon
Hepliaklqana


Message History

The orc priest hits you but does no damage.
You hit the orc priest but do no damage.
The orc priest mumbles some strange prayers to Beogh against you.
Beogh smites you!
A jackal skeleton comes into view.
You hit the orc priest.
The orc priest is lightly wounded.
The orc priest invokes the aid of Beogh against you.
Beogh smites you!
* * * LOW HITPOINT WARNING * * *
You closely miss the orc priest.
The orc priest is lightly wounded.
The orc priest barely misses you.
You hit the orc priest but do no damage.
The orc priest barely misses you.
You sock the orc priest!
The orc priest is heavily wounded.
The orc priest invokes the aid of Beogh against you.
Beogh smites you!
You die...

..# ### #..
#.# #Z# #o#
#@# #.#
#########.#
#.........#
#.#########
.. #.# ##
#.#
########.#
.........#


You could see an orc priest and a jackal skeleton.

Vanquished Creatures
  An ogre (D:4)
  A crimson imp (D:4)
  A centaur skeleton (D:3)
  4 worker ants (D:4)
  An orc wizard (D:4)
  Robin (D:2)
  4 adders
  An adder skeleton (D:4)
  A worm (D:2)
  A dart slug (D:3)
  A leopard gecko (D:2)
  11 orcs
  12 bats
  3 giant cockroaches
  9 hobgoblins
  2 jackals (D:3)
  4 frilled lizards
  16 goblins
  7 kobolds
  A leopard gecko skeleton (D:4)
  A quokka skeleton (D:4)
  3 rats
86 creatures vanquished.

Vanquished Creatures (others)
  An adder (D:4)
1 creature vanquished.

Grand Total: 87 creatures vanquished

Notes
Turn   | Place    | Note
-------+----------+-------------------------------------------
     0 | D:1      | JarJarBinks the Human Monk began the quest for the Orb.
     0 | D:1      | Reached XP level 1. HP: 18/18 MP: 1/1
   301 | D:1      | Reached XP level 2. HP: 24/24 MP: 2/2
   537 | D:1      | Reached XP level 3. HP: 29/29 MP: 3/3
  1266 | D:2      | Noticed Robin
  1282 | D:2      | Killed Robin
  1282 | D:2      | Reached XP level 4. HP: 29/35 MP: 4/4
  1853 | D:2      | Reached skill level 4 in Maces & Flails
  2683 | D:3      | Reached XP level 5. HP: 35/42 MP: 5/5
  2721 | D:3      | Reached skill level 1 in Armour
  3012 | D:4      | Found a staircase to the Ecumenical Temple.
  3038 | Temple   | Entered the Ecumenical Temple
  3047 | Temple   | Became a worshipper of Elyvilon the Healer
  3047 | Temple   | Reached * piety under Elyvilon
  3047 | Temple   | Reached ** piety under Elyvilon
  3091 | D:4      | Noticed an ogre
  3107 | D:4      | Killed an ogre
  3107 | D:4      | Reached XP level 6. HP: 31/48 MP: 6/6
  3819 | D:4      | Reached skill level 5 in Maces & Flails
  3819 | D:4      | Reached XP level 7. HP: 32/54 MP: 7/7
  4278 | D:4      | Killed from afar by an orc priest

Levels and vault maps discovered:
D:1:      dpeg_arrival_tiny_a, layout_loops_ring, minmay_tromino_v4_b
D:2:      layout_loops_corners, serial_glass, glass_columns_a, glass_columns_c,
          glass_columns_c, uniq_robin
D:3:      layout_rooms
D:4:      layout_loops_ring, minmay_temple_entry_statues_fountains,
          minmay_between
Temple:   regret_index_temple_waves

Skill      XL: |  1  2  3  4  5  6 |
---------------+-------------------+-----
Maces & Flails | 4 5 |  5.2
Armour         | 2 3 |  3.3
Fighting       | 4 |  4.1
Dodging        | |  3.8
Stealth        | |  2.2
Invocations    | |  0.1

Action                   |  1- 3 |  4- 6 |  7- 9 || total
-------------------------+-------+-------+-------++-------
Melee: Mace              |    64 |   263 |    38 ||   365
Invok: Heal Other        |       |     2 |     1 ||     3
  Use: Scroll            |     5 |       |     9 ||    14
  Eat: Ration            |     1 |     2 |     1 ||     4
Armor: Robe              |    16 |     3 |       ||    19
       Ring mail         |       |    98 |     4 ||   102
       Chain mail        |       |       |     7 ||     7
Dodge: Dodged            |    56 |   211 |    14 ||   281

Table legend:
 A = Non-vault XP
 B = Vault XP
 C = Vault XP percentage of total XP
 D = Non-vault monster count
 E = Vault monster count
 F = Vault count percentage of total count
                 A         B        C        D         E       F
            +---------+---------+-------+---------+---------+-------
      Total |     472 |     127 |  21.2 |      69 |      17 |  19.8
            +---------+---------+-------+---------+---------+-------
        D:1 |      25 |       4 |  13.8 |      16 |       2 |  11.1
        D:2 |      46 |      38 |  45.2 |      13 |      13 |  50.0
        D:3 |      79 |       0 |   0.0 |      22 |       0 |   0.0
        D:4 |     322 |      85 |  20.9 |      18 |       2 |  10.0
            +---------+---------+-------+---------+---------+-------
